 Dungeon Crawl Stone Soup version 0.27.1-34-g3ba077fa99 (webtiles) character file.

Game seed: 15445079271787860752

131 chibimon the Chiller (level 4, 0/36 HPs)
             Began as a Draconian Ice Elementalist on Jan 8, 2022.
             Killed by nerve-wracking pain
             ... invoked by Grinder
              (13 damage)
             ... on level 3 of the Dungeon.
             The game lasted 00:12:21 (3124 turns).

chibimon the Chiller (Draconian Ice Elementalist)   Turns: 3124, Time: 00:12:22

Health: 0/36       AC: 16    Str: 11    XL:     4   Next: 91%
Magic:  4/17       EV: 12    Int: 16    God:
Gold:   132        SH:  0    Dex: 11    Spells: 2/9 levels left

rFire    . . .     SeeInvis .   n - +1 whip (freeze)
rCold    . . .     Faith    .   (no shield)
rNeg     . . .     Spirit   .   (armour unavailable)
rPois    .         Reflect  .   (helmet restricted)
rElec    .         Harm     .   (no cloak)
rCorr    .         Rampage  .   r - +0 pair of gloves
Will     .....                  (no boots)
Stlth    ++........             (no amulet)
HPRegen  0.12/turn              f - ring of magical power
MPRegen  0.15/turn              k - +4 ring of protection

@: ice-armoured (expiring), freezing walls
A: AC +5, unfitting armour, cold-blooded
a: no special abilities


You were on level 3 of the Dungeon.
You visited 1 branch of the dungeon, and saw 3 of its levels.
You also visited: Sewer.

You collected 132 gold pieces.

Inventory:

Hand Weapons
 n - a +1 whip of freezing (weapon)
Armour
 r - a +0 pair of gloves (worn)
Jewellery
 f - a ring of magical power (left hand)
 k - a +4 ring of protection (right hand)
Scrolls
 a - a scroll of enchant weapon {unknown}
 b - a scroll of identify
 c - a scroll of noise {unknown}
 e - a scroll of magic mapping {unknown}
 g - a scroll of enchant armour {unknown}
 h - 2 scrolls of teleportation {unknown}
 i - a scroll of vulnerability {unknown}
 j - a scroll of amnesia {unknown}
 q - a scroll of fear {unknown}
Potions
 d - 3 potions of curing
 l - 3 potions of invisibility {unknown}
 m - a potion of haste {unknown}
 o - a potion of brilliance {unknown}
 p - a potion of heal wounds {unknown}


   Skills:
 + Level 1.7 Fighting
 - Level 2.0 Dodging
 - Level 2.0 Stealth
 + Level 1.6 Shields
 * Level 3.2 Spellcasting
 - Level 0.7 Conjurations
 + Level 4.4 Ice Magic


You had 2 spell levels left.
You knew the following spells:

 Your Spells              Type           Power      Damage    Failure   Level
a - Freeze                Ice            64%        1d8       3%          1
b - Frozen Ramparts       Ice            32%        1d5       9%          3
c - Ozocubu's Armour      Ice            16%        N/A       9%          3

Your spell library contained the following spells:

 Spells                   Type           Power      Damage    Failure   Level
 Hailstorm                Conj/Ice       10%        3d5       52%         4


Dungeon Overview and Level Annotations

Branches:
Dungeon (3/15)              Sewer (visited)

Altars:
Cheibriados

Shops:
D:3 [

Annotations:
D:3 Grinder


Innate Abilities, Weirdness & Mutations

Your plain brown scales are hard. (AC +5)
You cannot fit into any form of body armour.
You are cold-blooded and may be slowed by cold attacks.


Message History

Grinder is moderately wounded.
Grinder completely resists.
The wall freezes Grinder but does no damage.
Grinder barely misses you.
You barely miss Grinder.
Your tail-slap misses Grinder.
Grinder is moderately wounded.
Grinder completely resists.
The wall freezes Grinder but does no damage.
Grinder hits you.
You writhe in agony.
You barely miss Grinder.
Grinder is moderately wounded.
Your icy armour starts to melt.
The frozen ramparts melt away.
Grinder misses you.
Casting: Frozen Ramparts (dangerous; 9% risk of failure)
Confirm with . or Enter, or press ? or * to list all spells.
Casting: Frozen Ramparts (dangerous; 9% risk of failure)
Press: ? - help, Dir - look around, f - activate The walls around you are covered in ice.
Grinder completely resists.
The wall freezes Grinder but does no damage.
Grinder hits you.
You writhe in agony.
Casting: Frozen Ramparts (dangerous; 9% risk of failure)
Confirm with . or Enter, or press ? or * to list all spells.
Aiming: Freeze (safe; 3% risk of failure)
Press: ? - help, Shift-Dir - straight line, f - Grinder
Aim: Grinder (moderately wounded)
You freeze Grinder.
Grinder resists.
Grinder is moderately wounded.
Grinder completely resists.
The wall freezes Grinder but does no damage.
Grinder gestures at you. Pain shoots through your body!
As you read the scroll labelled SADEWA VEACUH, it crumbles to dust.
It is a scroll of identify.
d - 3 potions of curing Grinder completely resists.
The wall freezes Grinder but does no damage.
Grinder gestures at you. Pain shoots through your body!
You die...

...######..#
#########.
...........## #...
#. ............#
#.. ##
..........#.## #..
..........#..# #..
########
...###'#####.###.#
#....... #### #.#
#..##.# #.######
######.# ###.##5#
#.....# .......#
#....#@# #####.##
######## #.##.#)#
#... #.≈♣≈..)#
####
#.PP.≈≈..#####
#.♣.≈≈♣......#
#.######..)..# #
.......#
.........#
.o.........#


You could see Grinder.

Vanquished Creatures
  3 adders
  3 river rats (Sewer)
  A worm (Sewer)
  2 dart slugs
  2 orcs (D:3)
  2 bats
  4 endoplasms
  2 giant cockroaches (D:1)
  3 goblins
  4 hobgoblins
  4 jackals (D:2)
  2 quokkas (D:1)
  11 ball pythons
  5 frilled lizards
  10 kobolds
  9 rats
  A spectral goblin (D:1)
68 creatures vanquished.

Vanquished Creatures (others)
  A plant (D:3)
1 creature vanquished.

Grand Total: 69 creatures vanquished

Notes
Turn   | Place    | Note
-------+----------+-------------------------------------------
     0 | D:1      | chibimon the Draconian Ice Elementalist began the quest for
                  | the Orb.
     0 | D:1      | Reached XP level 1. HP: 14/14 MP: 3/3
   244 | D:1      | Reached XP level 2. HP: 6/20 MP: 3/5
   527 | D:1      | Found a faded altar of an unknown god.
   933 | D:1      | Reached XP level 3. HP: 10/27 MP: 1/6
  1551 | D:2      | Found a snail-covered altar of Cheibriados.
  1870 | D:2      | Learned a level 3 spell: Frozen Ramparts
  1874 | D:2      | Learned a level 3 spell: Ozocubu's Armour
  2078 | D:2      | Reached skill level 1 in Fighting
  2397 | D:3      | Reached skill level 1 in Shields
  2400 | D:3      | Found Hilagoum's Antique Armour Shoppe.
  2417 | D:3      | Found a glowing drain.
  2432 | Sewer    | Entered a sewer
  2561 | Sewer    | Reached XP level 4. HP: 26/35 MP: 8/8
  3077 | D:3      | Noticed Grinder
  3078 | D:3      | Paralysed by Grinder for 4 turns
  3107 | D:3      | Paralysed by Grinder for 2 turns
  3124 | D:3      | Killed from afar by Grinder

Illustrated notes

Levels and vault maps discovered:
D:1:      amcnicky_arrival_abandoned_market, layout_rooms,
          dreamdust_ecumenical_altar_drowned_temple, hangedman_decor_points,
          grunt_decor_arrowhead, minmay_vboxes
D:2:      layout_loops_ring, basic_altar
D:3:      minmay_goblin_kobold_castle, layout_basic, portal_sewer_entry_a,
          serial_shops, shop, serial_bayou_pond_c, serial_bayou_pond_e,
          uniq_grinder

Skill      XL: |  1  2  3  4 |
---------------+-------------+-----
Dodging        | 2 |  2.0
Stealth        | 2 |  2.0
Fighting       | 1 |  1.7
Shields        | 1 |  1.6
Spellcasting   | 3 |  3.2
Conjurations   | |  0.7
Ice Magic      | |  4.4

Action                   |  1- 3 |  4- 6 || total
-------------------------+-------+-------++-------
Melee: Unarmed           |    11 |       ||    11
       Short sword       |    94 |       ||    94
       Tailslap          |    14 |     1 ||    15
       Whip              |    14 |    39 ||    53
 Cast: Freeze            |    24 |     7 ||    31
       Ozocubu's Armour  |     3 |     4 ||     7
       Frozen Ramparts   |       |     7 ||     7
  Use: Scroll            |       |     1 ||     1
 Stab: Sleeping          |     5 |       ||     5
Armor: Skin              |    38 |    14 ||    52
Dodge: Dodged            |    61 |    25 ||    86
